 Dungeon Crawl Stone Soup version 0.30.0 (webtiles) character file.

Game seed: 11874339489813432393

30 Dani the Chopper (level 3, -3/29 HPs)
             Began as a Demonspawn Fighter on May 20, 2023.
             Slain by a gnoll
             ... wielding a +0 club
              (5 damage)
             ... on level 2 of the Dungeon.
             The game lasted 00:01:30 (813 turns).

Dani the Chopper (Demonspawn Fighter)                Turns: 813, Time: 00:01:31

Health: -3/29      AC:  6    Str: 16    XL:     3   Next: 3%
Magic:  3/3        EV:  8    Int: 11    God:
Gold:   22         SH:  8    Dex: 12    Spells: 2/2 levels left

rFire   . . .        a - +0 war axe
rCold   . . .        c - +0 buckler
rNeg    . . .        b - +0 scale mail
rPois   .            (helmet restricted)
rElec   .            (no cloak)
rCorr   .            (no gloves)
SInv    .            (no boots)
Will    .....        (no amulet) Stlth
                     (no ring)
HPRegen 0.24/turn    (no ring)
MPRegen 0.08/turn

%: no passive effects
@: no status effects
A: antennae 1, condensation shield
a: no special abilities


You were on level 2 of the Dungeon.
You visited 1 branch of the dungeon, and saw 2 of its levels.

You collected 22 gold pieces.

Inventory:

Hand Weapons
 a - a +0 war axe (weapon)
Armour
 b - a +0 scale mail (worn)
 c - a +0 buckler (worn)
Jewellery
 l - a ring of ice
   (You found it on level 2 of the Dungeon)
Scrolls
 e - a scroll of teleportation {unknown}
 f - a scroll of amnesia {unknown}
 g - a scroll of enchant weapon {unknown}
 i - a scroll of immolation {unknown}
 j - a scroll of identify {unknown}
 k - a scroll of fog {unknown}
Potions
 d - a potion of might
 h - 2 potions of lignification {unknown}


   Skills:
 - Level 3.0 Fighting
 + Level 3.2 Axes
 - Level 2.6 Armour
 - Level 2.6 Shields


You had 2 spell levels left.
You didn't know any spells.
Your spell library was empty.

Dungeon Overview and Level Annotations

Branches:
Dungeon (2/15)

Altars:


Innate Abilities, Weirdness & Mutations

You have a pair of small antennae on your head.
A meltable shield of frost defends you. (SH +4)


Message History

No target in view!
Key pressed, stopping explore.
No target in view!
l - a ring of ice No target in view!
Key pressed, stopping explore.
Key pressed, stopping explore.
No target in view!
A gnoll comes into view. It is wielding a +0 spear.
The gnoll shouts!
The gnoll throws a throwing net.
You block the throwing net.
You see here a throwing net.
A gnoll is nearby!
A gnoll comes into view. It is wielding a +0 club.
The gnoll shouts!
You hear a shout!
Okay, then.
A gnoll comes into view. It is wielding a +0 short sword.
Found a club.
The gnoll closely misses you.
There are monsters nearby!
You closely miss the gnoll. You block the gnoll's attack.
The gnoll throws a throwing net.
The throwing net hits you.
You become entangled in the net!
There are monsters nearby!
You are held in a net!
Unknown command.
There are monsters nearby!
You are held in a net!
Unknown command.
There are monsters nearby!
You are held in a net!
Unknown command.
You are held in a net!
You struggle against the net.
The gnoll hits you from afar with a +0 spear.
You are held in a net!
Unknown command.
You struggle against the net.
The gnoll hits you from afar with a +0 spear.
Unknown command.
You are held in a net!
You rip the net and break free!
The gnoll barely misses you. You block the gnoll's attack.
Unknown command.
You slash the gnoll!
The gnoll is heavily wounded.
You block the gnoll's attack.
Unknown command.
You hit the gnoll.
You kill the gnoll!
You slash the gnoll! You block the gnoll's attack.
The gnoll hits you from afar with a +0 spear. x2
The gnoll closely misses you.
Your Axes skill increases to level 3!
You have reached level 3!
Your experience leads to an increase in your attributes!
Increase (S)trength, (I)ntelligence, or (D)exterity?
You feel clever. x2; Your demonic ancestry asserts itself...
A pair of antennae grows on your head!
You barely miss the gnoll.
The gnoll is severely wounded.
The gnoll hits you with a +0 club. The gnoll barely misses you.
Unknown command.
The gnoll closely misses you. The gnoll barely misses you.
Things that are here:
a +0 short sword; a gnoll corpse You closely miss the gnoll.
The gnoll is severely wounded.
You hit the gnoll but do no damage. The gnoll barely misses you.
The gnoll hits you with a +0 spear.
* * * LOW HITPOINT WARNING * * *
The gnoll hits you with a +0 club.
* * * LOW HITPOINT WARNING * * *
You block the gnoll's attack.
Unknown command.
Unknown command.
The gnoll hits you with a +0 club.
* * * LOW HITPOINT WARNING * * *
The gnoll hits you with a +0 spear.
* * * LOW HITPOINT WARNING * * *
You are too injured to fight recklessly!
The gnoll attacks as you move away! You block the gnoll's attack.
The gnoll hits you with a +0 spear.
* * * LOW HITPOINT WARNING * * *
You are too injured to fight recklessly!
Unknown command.
Unknown command.
You are too injured to fight recklessly!
You are too injured to fight recklessly!
You are too injured to fight recklessly!
Unknown command.
You hit the gnoll but do no damage.
The gnoll is severely wounded.
You hit the gnoll. The gnoll barely misses you.
The gnoll hits you with a +0 spear.
* * * LOW HITPOINT WARNING * * *
You slash the gnoll!
The gnoll is almost dead.
You closely miss the gnoll. You block the gnoll's attack.
The gnoll hits you with a +0 club.
You die...

............#
..........^.#
............# ###
............# #..
............##.#.#
.).).......[##.#.#
###....#...[##.#.#
# #....##.####.#.##
# #....##.#.....@.#
# #....##.#....gg.#
###....##.#.)...).#
.########.####.#.##
...### #.####.#.#
##...####....#.#(#
##........#.# #.#
#........#.# #.#
###........#.###.#


You could see 2 gnolls.

Vanquished Creatures
  A gnoll (D:2)
  2 bats (D:1)
  2 endoplasms (D:1)
  2 giant cockroaches
  6 goblins
  A quokka (D:2)
  A ball python (D:1)
  2 frilled lizards (D:1)
  2 rats (D:1)
19 creatures vanquished.

Notes
Turn   | Place    | Note
-------+----------+-------------------------------------------
     0 | D:1      | Dani the Demonspawn Fighter began the quest for the Orb.
     0 | D:1      | Reached XP level 1. HP: 18/18 MP: 1/1
   116 | D:1      | Reached skill level 2 in Axes
   204 | D:1      | Gained mutation: A meltable shield of frost defends you.
                  | (SH +4) [demonic ancestry]
   204 | D:1      | Reached XP level 2. HP: 24/24 MP: 2/2
   807 | D:2      | Reached skill level 3 in Axes
   807 | D:2      | Gained mutation: You have a pair of small antennae on your
                  | head. [demonic ancestry]
   807 | D:2      | Reached XP level 3. HP: 21/29 MP: 3/3
   810 | D:2      | HP: 6/29 [gnoll/+0 spear (6)]
   812 | D:2      | HP: 1/29 [gnoll/+0 spear (2)]
   813 | D:2      | Slain by a gnoll

Illustrated notes

Levels and vault maps discovered:
D:1:      dpeg_arrival_rhombi, layout_loops_ring
D:2:      layout_basic

Skill      XL: |  1  2 |
---------------+-------+-----
Axes           | 2 3 |  3.2
Fighting       | |  3.0
Armour         | |  2.6
Shields        | |  2.6

Action                     || total
---------------------------++-------
  Melee: War axe           ||    41
 Armour: Scale mail        ||    11
  Dodge: Dodged            ||    22
  Block: Buckler           ||    18

Levels and vault maps discovered:
D:1:      dpeg_arrival_rhombi, layout_loops_ring
D:2:      layout_basic

Table legend: (Time is in decaauts)
 A = Elapsed time spent in this place.
 B = Non-inter-level travel time spent in this place.
 C = Inter-level travel time spent in this place.
 D = Time resting spent in this place.
 E = Time spent auto-exploring this place.
 F = Levels seen in this place.
 G = Mean time per level.
                   A        B        C        D        E       F      G
               +--------+--------+--------+--------+--------+-----+--------+
         Total |    829 |    811 |     18 |      0 |    669 |   2 |  414.5 |
       Dungeon |    829 |    811 |     18 |      0 |    669 |   2 |  414.5 |
               +--------+--------+--------+--------+--------+-----+--------+

Top non-repeatable levels by time:
     D:1: 717 daAuts
     D:2: 112 daAuts

Table legend:
 A = Kills in this place as a percentage of kills in the entire game.
 B = Kills by you in this place as a percentage of kills by you in the entire game.
 C = Kills by friends in this place as a percentage of kills by friends in the entire game.
 D = Other kills in this place as a percentage of other kills in the entire game.
 E = Experience gained in this place as a percentage of experience gained in the entire game.
 F = Experience gained in this place divided by the number of levels of this place that you have seen.
                   A       B       C       D       E      F
               +-------+-------+-------+-------+-------+----------------------
         Total | 100.0 | 100.0 |   N/A |   N/A | 100.0 |  21.5
       Dungeon | 100.0 | 100.0 |   N/A |   N/A | 100.0 |  21.5
               +-------+-------+-------+-------+-------+----------------------
